Map: Ascension to Aiur LE

Players

AdminA - Winner!

  • Race: Protoss Protoss
  • Spawn Location: 11:00

ObiWanPwnobi

  • Race: Protoss Protoss
  • Spawn Location: 5:00

Event: WCS Montreal 2017

VOD

Have the link to the VOD?

Description

Time

  • Played on: Sept. 8, 2017, 1:32 p.m.
  • Length: 14:34

All games in this series

Show
View Real Time Build Order
Export as new Build Order

AdminA Protoss - Winner!

Build Orders: Zealot Archon 

Get SALT Encoding   

  12  0:00  Probe (Chrono Boost)  
  13  0:11  Probe (Chrono Boost)  
  14  0:17  Pylon  
  14  0:24  Probe (Chrono Boost)  
  15  0:37  Gateway  
  15  0:39  Assimilator  
  15  0:42  Probe (Chrono Boost)  
  16  0:48  Assimilator  
  16  0:56  Probe (Chrono Boost)  
  17  1:06  Probe (Chrono Boost), Gateway  
  18  1:17  Probe (Chrono Boost)  
  19  1:23  Cybernetics Core  
  19  1:28  Probe (Chrono Boost)  
  20  1:38  Probe (Chrono Boost)  
  21  1:40  Pylon  
  21  1:49  Probe (Chrono Boost)  
  22  1:59  Stalker x2  
  26  2:07  Warp Gate  
  26  2:10  Probe (Chrono Boost)  
  27  2:22  Probe (Chrono Boost)  
  28  2:37  Nexus  
  28  2:38  Pylon  
  27  2:46  Mothership Core (Chrono Boost)  
  27  2:51  Pylon  
  29  3:03  Twilight Council  
  29  3:05  Probe (Chrono Boost)  
  30  3:14  Stalker  
  30  3:15  Sentry  
  34  3:33  Probe (Chrono Boost)  
  35  3:47  Probe  
  36  3:49  Probe  
  36  3:51  Pylon  
  37  3:59  Probe  
  37  4:00  Probe  
  39  4:05  Charge (Chrono Boost)  
  36  4:11  Probe  
  36  4:14  Probe  
  37  4:21  Stalker x2  
  37  4:23  Probe  
  41  4:24  Probe  
  42  4:35  Probe x2  
  44  4:39  Gateway  
  44  4:43  Gateway  
  44  4:47  Probe  
  45  4:55  Probe  
  45  4:59  Probe  
  47  5:01  Pylon  
  47  5:06  Probe  
  47  5:11  Probe  
  49  5:14  Zealot x2  
  49  5:17  Probe  
  54  5:23  Probe, Gateway  
  54  5:27  Probe  
  55  5:30  Templar Archives  
  56  5:36  Probe  
  56  5:38  Probe  
  58  5:48  Assimilator, Probe x2  
  59  5:50  Zealot x2  
  59  5:51  Assimilator  
  64  5:57  Stalker  
  64  5:58  Stalker  
  64  6:00  Probe  
  64  6:02  Pylon  
  69  6:08  Pylon  
  69  6:11  Gateway  
  69  6:17  Probe  
  70  6:26  High Templar x2  
  74  6:33  Gateway  
  74  6:34  High Templar  
  74  6:35  High Templar  
  74  6:36  Gateway  
  74  6:37  Pylon  
  78  6:42  Archon x2  
  78  6:43  Zealot  
  80  6:49  Pylon  
  80  6:51  Pylon  
  80  7:04  High Templar x2  
  80  7:08  Zealot x3, Archon  
  84  7:12  Pylon  
  90  7:18  Zealot  
  90  7:21  Pylon  
  92  7:27  Zealot  
  92  7:29  Zealot  
  96  7:30  High Templar x2  
  96  7:34  Archon  
  96  7:35  Zealot  
  102  7:42  Zealot x2  
  102  7:43  Zealot  
  108  7:51  Probe  
  96  8:12  Zealot x8  
  83  8:31  Probe  
  64  8:36  Stalker x3  
  64  8:37  Stalker  
  64  8:39  High Templar  
  64  8:40  High Templar  
  66  8:44  Archon  
  66  8:45  High Templar x2  
  68  8:49  Probe, Archon  
  68  8:50  Probe  
  70  9:05  High Templar  
  70  9:06  Zealot x2  
  76  9:11  High Templar  
  76  9:12  Zealot  
  76  9:15  Archon  
  76  9:16  Zealot  
  72  9:40  Stalker x5  
  72  9:44  Colossus  
  82  9:48  Zealot x2  
  82  9:49  Probe  
  82  9:51  Probe  
  88  10:09  Zealot x5  
  88  10:13  Probe  
  99  10:22  High Templar x3  
  104  10:29  High Templar, Archon  
  104  10:34  Zealot x3, Archon  
  109  10:42  Zealot  
  110  10:47  Probe  
  110  10:58  Zealot  
  110  11:01  High Templar x2  
  116  11:05  Archon  
  116  11:10  Zealot x2  
  116  11:11  Zealot x3  
  126  11:23  Nexus  
  118  11:39  High Templar x2  
  114  11:46  Archon  
  114  11:47  Zealot x5  
  114  11:53  Pylon  
  122  12:02  High Templar  
  124  12:09  High Templar  
  124  12:11  Zealot x2  
  124  12:12  Zealot  
  124  12:13  Archon  
  132  12:17  Pylon  
  132  12:33  High Templar  
  132  12:36  Robotics Facility  
  134  12:39  Pylon  
  134  12:41  Zealot  
  136  12:55  Probe  
  136  12:56  Stalker x3  
  143  12:59  Probe  
  130  13:07  High Templar x2  
  130  13:12  Zealot x3  
  140  13:13  Archon  
  140  13:18  Probe  
  140  13:25  Probe  
  109  13:38  Zealot x5  
  101  13:46  Stalker  
  101  13:47  High Templar x2  
  95  13:51  Archon  
  95  14:01  High Templar, Zealot x2  
  95  14:02  Probe  
  99  14:08  Archon  
  99  14:09  Zealot  
  102  14:16  Zealot  
  104  14:17  Zealot  
Show
View Real Time Build Order
Export as new Build Order

ObiWanPwnobi Protoss 

Build Orders: Oracle Opening 

Get SALT Encoding   

  12  0:01  Probe (Chrono Boost)  
  13  0:11  Probe (Chrono Boost)  
  14  0:17  Pylon  
  14  0:22  Probe (Chrono Boost)  
  15  0:35  Probe (Chrono Boost)  
  16  0:38  Gateway  
  16  0:45  Assimilator  
  16  0:47  Probe (Chrono Boost)  
  17  0:53  Assimilator  
  17  0:58  Probe (Chrono Boost)  
  18  1:09  Probe (Chrono Boost)  
  18  1:11  Gateway  
  19  1:19  Probe (Chrono Boost)  
  20  1:27  Cybernetics Core  
  20  1:30  Probe (Chrono Boost)  
  21  1:37  Pylon  
  21  1:42  Probe (Chrono Boost)  
  22  1:53  Probe (Chrono Boost)  
  23  2:03  Probe (Chrono Boost)  
  23  2:04  Stalker  
  23  2:05  Warp Gate  
  26  2:12  Stargate  
  26  2:17  Probe (Chrono Boost)  
  27  2:28  Mothership Core (Chrono Boost)  
  29  2:36  Pylon  
  29  2:52  Probe (Chrono Boost)  
  29  2:56  Oracle (Chrono Boost)  
  32  3:10  Nexus  
  33  3:23  Robotics Facility  
  33  3:25  Probe  
  33  3:37  Probe (Chrono Boost)  
  34  3:49  Probe (Chrono Boost)  
  34  3:51  Void Ray  
  39  4:21  Probe  
  39  4:22  Probe, Observer (Chrono Boost)  
  39  4:23  Pylon  
  42  4:33  Probe x2  
  42  4:34  Void Ray  
  42  4:37  Pylon  
  48  4:43  Probe  
  49  4:45  Probe  
  49  4:47  Immortal (Chrono Boost)  
  49  4:51  Assimilator  
  54  4:54  Probe  
  54  4:58  Probe  
  56  5:04  Probe  
  56  5:05  Assimilator  
  57  5:10  Probe  
  58  5:15  Probe  
  59  5:21  Void Ray  
  59  5:22  Probe  
  59  5:26  Probe  
  65  5:30  Pylon  
  65  5:31  Pylon  
  65  5:34  Probe  
  66  5:37  Probe  
  67  5:46  Probe  
  67  5:47  Probe  
  67  5:49  Immortal (Chrono Boost), Pylon  
  73  5:58  Probe x2  
  73  6:01  Robotics Bay  
  75  6:09  Probe  
  75  6:10  Probe  
  77  6:18  Void Ray  
  77  6:20  Probe  
  82  6:29  Immortal (Chrono Boost)  
  82  6:32  Stargate  
  86  6:34  Protoss Air Weapons Level 1  
  86  6:35  Probe  
  87  6:42  Probe  
  88  7:03  Disruptor (Chrono Boost), Adept  
  92  7:09  Pylon  
  92  7:17  Probe  
  92  7:18  Probe  
  92  7:21  Pylon  
  94  7:25  Pylon x2  
  94  7:27  Void Ray x2 (Chrono Boost)  
  102  7:35  Pylon  
  102  7:39  Probe x2  
  102  7:40  Adept  
  102  7:41  Adept  
  108  7:45  Disruptor  
  110  8:04  Adept x2  
  114  8:05  Void Ray (Chrono Boost)  
  114  8:12  Adept x2  
  102  8:17  Probe  
  105  8:21  Disruptor  
  105  8:22  Void Ray (Chrono Boost)  
  101  8:37  Adept x2  
  101  8:40  Probe x2  
  103  8:47  Void Ray (Chrono Boost)  
  107  8:52  Nexus  
  107  8:55  Probe, Pylon  
  107  8:59  Adept x2  
  111  9:18  Probe, Fleet Beacon  
  111  9:23  Sentry  
  92  9:40  Adept  
  90  9:49  Probe  
  90  9:50  Probe, Adept  
  90  9:52  Disruptor  
  94  9:58  Gateway  
  96  10:00  Gateway  
  96  10:01  Gateway  
  96  10:02  Adept  
  96  10:07  Gateway  
  96  10:11  Adept, Pylon  
  98  10:14  Mothership Core  
  98  10:16  Void Ray (Chrono Boost)  
  104  10:26  Adept  
  106  10:33  Immortal  
  106  10:34  Adept  
  112  10:41  Pylon  
  112  10:46  Pylon  
  106  10:51  Adept  
  106  10:55  Pylon  
  106  10:56  Adept  
  110  11:02  Adept  
  112  11:06  Adept x3  
  118  11:12  Immortal  
  118  11:15  Adept  
  124  11:18  Adept  
  124  11:23  Adept  
  128  11:37  Adept x4  
  133  11:45  Adept x2  
  135  12:01  Pylon  
  135  12:02  Pylon  
  135  12:08  Pylon  
  135  12:10  Pylon  
  135  12:15  Pylon  
  135  12:22  Nexus  
  134  12:29  Void Ray (Chrono Boost)  
  138  12:30  Fleet Beacon  
  138  12:33  Void Ray (Chrono Boost)  
  138  12:34  Adept x2  
  146  12:37  Sentry  
  146  12:40  Probe  
  147  12:57  Observer  
  148  13:07  Adept x2  
  96  13:41  Void Ray (Chrono Boost)  
  96  13:42  Adept  
Tags
 
Add a new tag
Caveats
  • Supply blocks, unpowered buildings, or Contaminate may cause inaccurate times.
  • Supply counts are checked every 10 seconds.